 Dungeon Crawl Stone Soup version 0.28-a0-224-g76b539d98b (webtiles) character file.

Game seed: 6826578399185715943

105 timneilson the Covered (level 4, -7/29 HPs)
             Began as a Gargoyle Fighter on Aug 21, 2021.
             Mangled by a gnoll (9 damage)
             ... on level 3 of the Dungeon.
             The game lasted 00:02:47 (2430 turns).

timneilson the Covered (Gargoyle Fighter)           Turns: 2430, Time: 00:02:48

Health: -7/29      AC: 11    Str: 21    XL:     4   Next: 83%
Magic:  4/4        EV:  7    Int:  8    God:
Gold:   162        SH:  8    Dex:  9    Spells: 3/3 levels left

rFire   . . .      SeeInvis .   a - +0 long sword
rCold   . . .      Faith    .   c - +0 kite shield
rNeg    + . .      Spirit   .   b - +0 scale mail
rPois   ∞          Reflect  .   (no helmet)
rElec   +          Harm     .   (no cloak)
rCorr   .          Rampage  .   i - +0 pair of gloves
Will    .....                   (no boots)
Stlth   ..........              (no amulet)
HPRegen 0.09/turn               e - +4 ring of slaying
MPRegen 0.09/turn               (no ring)

@: mighty
A: sickness immunity, AC +3, negative energy resistance 1, electricity
resistance, torment resistance 1, petrification resistance
a: no special abilities


You were on level 3 of the Dungeon.
You visited 1 branch of the dungeon, and saw 3 of its levels.

You collected 162 gold pieces.

Inventory:

Hand Weapons
 a - a +0 long sword (weapon)
Armour
 b - a +0 scale mail (worn)
 c - a +0 kite shield (worn)
 i - a +0 pair of gloves (worn)
Jewellery
 e - a +4 ring of slaying (left hand)
Scrolls
 m - 2 scrolls of identify {unknown}
Potions
 d - 2 potions of might
 f - a potion of resistance {unknown}
 g - a potion of degeneration {unknown}
 h - 2 potions of heal wounds {unknown}
 j - a potion of cancellation {unknown}
 k - a potion of attraction {unknown}
 l - a potion of flight {unknown}


   Skills:
 + Level 3.7 Fighting
 * Level 2.7 Long Blades
 * Level 4.3 Armour
 * Level 4.1 Shields


You had 3 spell levels left.
You didn't know any spells.
Your spell library was empty.

Dungeon Overview and Level Annotations

Branches:
Dungeon (3/15)

Altars:
Cheibriados
Qazlal

Shops:
D:2 *


Innate Abilities, Weirdness & Mutations

You are immune to sickness and miasma.
Your stone body is resilient. (AC +3)
You are immune to poison.
You resist negative energy. (rN+)
You are resistant to electric shocks. (rElec)
You are resistant to unholy torment.
You are immune to petrification.


Message History

You kill the giant cockroach!
The quokka closely misses you.
You closely miss the quokka. You block the quokka's attack.
The quokka closely misses you.
You miss the quokka.
The quokka bites you but does no damage.
You block the quokka's attack.
You miss the quokka.
The quokka bites you but does no damage.
You slash the quokka!
You kill the quokka!
The gnoll throws a throwing net.
The throwing net hits you.
You become entangled in the net!
You are held in a net!
You are held in a net!
You are held in a net!
Unknown command.
You struggle against the net.
The gnoll barely misses you.
You tear a large gash into the net.
The gnoll hits you with a +0 whip.
You rip the net and break free!
The gnoll hits you but does no damage.
You slash the gnoll!
The gnoll is severely wounded.
The gnoll hits you with a +0 whip.
You feel very mighty all of a sudden. You block the gnoll's attack.
You slash the gnoll!
You kill the gnoll!
The gnoll closely misses you.
You hit the gnoll.
The gnoll is moderately wounded.
The gnoll barely misses you.
You riposte.
You barely miss the gnoll.
The gnoll is moderately wounded.
You closely miss the gnoll.
The gnoll is moderately wounded.
The gnoll barely misses you. The gnoll hits you with a +0 flail!
* * * LOW HITPOINT WARNING * * *
You completely miss the gnoll.
The gnoll is moderately wounded.
The gnoll hits you with a +0 flail!
You die...

.....#
##.........##
.....# ...........
..>..# ...>.....
.....# .......
.....# .....
.....# . .g.
)....# #.. #g#
<....#####.. #@#
.<....#... #.#
##....#.# #†#
##)..#..# #(#
...#.#.## #.# ###
####.#.# #.# ##.#
.)##.#.### #.#
#..# #........#
#.# ####..#
###....#.#######.#
#.##..#


You could see 2 gnolls.

Vanquished Creatures
  2 gnolls (D:3)
  3 adders (D:2)
  2 dart slugs
  2 orcs (D:3)
  3 endoplasms
  2 giant cockroaches (D:3)
  6 goblins
  4 hobgoblins (D:1)
  2 jackals (D:2)
  4 kobolds
  4 quokkas
  4 ball pythons
  5 bats
  2 frilled lizards
  4 rats
49 creatures vanquished.

Notes
Turn   | Place    | Note
-------+----------+-------------------------------------------
     0 | D:1      | timneilson the Gargoyle Fighter began the quest for the
                  | Orb.
     0 | D:1      | Reached XP level 1. HP: 14/14 MP: 1/1
   101 | D:1      | Noticed a floating eye
   103 | D:1      | Found a faded altar of an unknown god.
   105 | D:1      | Noticed a great orb of eyes
   110 | D:1      | Noticed a golden eye
   114 | D:1      | Noticed a great orb of eyes
   420 | D:1      | Reached XP level 2. HP: 19/19 MP: 2/2
  1077 | D:2      | Reached XP level 3. HP: 16/23 MP: 3/3
  1276 | D:2      | Found a snail-covered altar of Cheibriados.
  1315 | D:2      | Found Pirchif's Assorted Antiques.
  1780 | D:2      | Reached XP level 4. HP: 24/28 MP: 4/4
  2219 | D:3      | Noticed an earth elemental
  2223 | D:3      | Found a stormy altar of Qazlal.
  2224 | D:3      | Noticed a fire elemental
  2224 | D:3      | Noticed an air elemental
  2224 | D:3      | Noticed a water elemental
  2430 | D:3      | Mangled by a gnoll

Illustrated notes

Levels and vault maps discovered:
D:1:      roderic_crossed_star, layout_basic,
          hellmonk_ecumenical_altar_watching_god
D:2:      layout_loops_ring, basic_altar, serial_shops,
          nicolae_shop_overgrown_old_shop, serial_park_tiny_pond,
          minmay_quadrilaterals
D:3:      layout_rooms, nicolae_qazlal_style_of_elements

Skill      XL: |  1  2  3 |
---------------+----------+-----
Long Blades    | 2 |  2.7
Armour         | 4 |  4.3
Shields        | 4 |  4.1
Fighting       | |  3.7

Action                   |  1- 3 |  4- 6 || total
-------------------------+-------+-------++-------
Melee: Long sword        |   105 |    41 ||   146
  Use: Scroll            |     1 |       ||     1
       Potion            |       |     1 ||     1
Armor: Scale mail        |    80 |    17 ||    97
Dodge: Dodged            |    38 |    16 ||    54
Block: Kite shield       |    55 |    12 ||    67
       Rpst.: Long sword |     9 |     2 ||    11

Table legend: (Time is in decaauts)
 A = Elapsed time spent in this place.
 B = Non-inter-level travel time spent in this place.
 C = Inter-level travel time spent in this place.
 D = Time resting spent in this place.
 E = Time spent auto-exploring this place.
 F = Levels seen in this place.
 G = Mean time per level.
                   A        B        C        D        E       F      G
               +--------+--------+--------+--------+--------+-----+--------+
         Total |   2503 |   2489 |     14 |      0 |   2068 |   3 |  834.3 |
       Dungeon |   2503 |   2489 |     14 |      0 |   2068 |   3 |  834.3 |
               +--------+--------+--------+--------+--------+-----+--------+

Top non-repeatable levels by time:
     D:1: 1100 daAuts
     D:2: 918 daAuts
     D:3: 485 daAuts
